 Dungeon Crawl Stone Soup version 0.31.0-9-g3a7656b989 (webtiles) character file.

Game seed: 17287251569090332338

44 qw the Shooter (level 3, -6/20 HPs)
             Began as a Deep Elf Hunter on Feb 2, 2024.
             Mangled by a gnoll
             ... wielding a +0 whip
              (9 damage)
             ... on level 2 of the Dungeon.
             The game lasted 00:00:02 (749 turns).

qw the Shooter (Deep Elf Hunter)                     Turns: 749, Time: 00:00:02

Health: -6/20      AC:  3    Str: 10    XL:     3   Next: 39%
Magic:  5/5        EV: 12    Int: 13    God:
Gold:   69         SH:  0    Dex: 18    Spells: 2/2 levels left

rFire   . . .        a - +0 shortbow
rCold   . . .        (shield currently unavailable)
rNeg    . . .        c - +0 leather armour
rPois   .            (no helmet)
rElec   .            (no cloak)
rCorr   .            (no gloves)
SInv    .            (no boots)
Will    .....        (no amulet)
Stlth   ++           (no ring)
HPRegen 0.23/turn    (no ring)
MPRegen 0.09/turn

%: no passive effects
@: about to teleport
A: no striking features
a: no special abilities


You were on level 2 of the Dungeon.
You visited 1 branch of the dungeon, and saw 2 of its levels.

You collected 69 gold pieces.


   Skills:
 - Level 1.5 Fighting
 + Level 7.0 Ranged Weapons
 - Level 2.4 Dodging
 - Level 1.2 Stealth


You had 2 spell levels left.
You didn't know any spells.
Your spell library was empty.

Inventory:

Hand Weapons
 a - a +0 shortbow (weapon)
Armour
 c - a +0 leather armour (worn)
Potions
 g - a potion of might {unknown}

Dungeon Overview and Level Annotations

Branches:
Dungeon (2/15)

Altars:


Message History

You shoot an arrow. The arrow hits the gnoll.
The gnoll is heavily wounded.
You hear a shout!
A gnoll comes into view. It is wielding a +0 whip.
You hear a shout!
You hear an angry hiss.
You shoot an arrow. The arrow barely misses the gnoll.
The arrow hits the gnoll.
The gnoll is almost dead.
You shoot an arrow. The arrow closely misses the gnoll.
A frilled lizard comes into view.
The gnoll closely misses you.
A gnoll comes into view. It is wielding a +0 whip.
The gnoll hits you with a +0 whip.
739 ||| RETREEEEATING.
The gnoll hits you with a +0 whip.
You shoot an arrow. The arrow closely misses the gnoll.
The gnoll barely misses you.
You shoot an arrow. The arrow barely misses the gnoll.
You shoot an arrow. The arrow hits the gnoll!
The gnoll is severely wounded.
The gnoll barely misses you. The gnoll misses you.
You shoot an arrow. The arrow barely misses the gnoll.
The gnoll hits you with a +0 whip. The gnoll barely misses you.
You shoot an arrow. The arrow hits the gnoll.
You kill the gnoll!
Your Ranged Weapons skill increases to level 7!
You shoot an arrow. The arrow hits the gnoll!
The gnoll is severely wounded.
The gnoll hits you with a +0 whip.
746 ||| READING scroll of teleportation.
As you read the scroll of teleportation, it crumbles to dust.
You feel strangely unstable. The frilled lizard closely misses you.
The gnoll closely misses you.
You shoot an arrow. The arrow barely misses the gnoll.
The frilled lizard closely misses you. The gnoll hits you with a +0 whip.
You shoot an arrow. The arrow closely misses the gnoll.
The frilled lizard barely misses you. The gnoll barely misses you.
You shoot an arrow. The arrow hits the gnoll.
The gnoll is severely wounded.
The frilled lizard barely misses you. The gnoll hits you with a +0 whip!
You die...

#.....#####.######
#.#+#.# #.#
#.#.#.# #.# .
#.#.#.# #.# ..
#...#.# #.# .l.
#.###.# #.# ...g
#.# #.# #.# ....g
#.# #.# ......#@#
.....glg#
.......## ..8....
8...... .....>.
....... .......
.......


You could see 2 gnolls and a frilled lizard.

Vanquished Creatures
  An adder (D:2)
  A gnoll (D:2)
  3 endoplasms (D:1)
  A giant cockroach (D:1)
  2 goblins (D:1)
  3 hobgoblins (D:1)
  4 jackals (D:1)
  A quokka (D:2)
  2 ball pythons (D:1)
  2 frilled lizards (D:1)
  A kobold (D:1)
  2 rats (D:1)
23 creatures vanquished.

Notes
Turn   | Place    | Note
-------+----------+-------------------------------------------
     0 | D:1      | qw the Deep Elf Hunter began the quest for the Orb.
     0 | D:1      | Reached XP level 1. HP: 12/12 MP: 3/3
     0 | D:1      | 0 ||| qw: Version: 0.3-a-155-g5e7d8dd
     0 | D:1      | 0 ||| qw: Game counter: 1345
     0 | D:1      | 0 ||| qw: Melee chars always use a shield: true
     0 | D:1      | 0 ||| qw: God list: Okawaru
     0 | D:1      | 0 ||| qw: Allow faded altars: false
     0 | D:1      | 0 ||| qw: Do Orc after clearing Dungeon:15 true
     0 | D:1      | 0 ||| qw: Do second Lair branch before Depths: true
     0 | D:1      | 0 ||| qw: Lair rune preference: random
     0 | D:1      | 0 ||| qw: Goals: Normal
     0 | D:1      | 0 ||| PLANNING D:1-11
   209 | D:1      | Reached XP level 2. HP: 16/16 MP: 4/4
   210 | D:1      | Reached skill level 6 in Ranged Weapons
   618 | D:1      | 618 ||| READING scroll labelled FET GUNWOMMU.
   619 | D:1      | 619 ||| READING scroll labelled MEPREVUTEH.
   620 | D:1      | 620 ||| READING 2 scrolls labelled FODUTY BESHUP.
   625 | D:1      | 625 ||| DROPPING scroll of butterflies.
   716 | D:2      | Reached XP level 3. HP: 20/20 MP: 5/5
   739 | D:2      | 739 ||| RETREEEEATING.
   745 | D:2      | Reached skill level 7 in Ranged Weapons
   745 | D:2      | HP: 3/20 [gnoll/+0 whip (5)]
   746 | D:2      | 746 ||| READING scroll of teleportation.
   749 | D:2      | Mangled by a gnoll

Levels and vault maps discovered:
D:1:      nicolae_arrival_memento_mori, layout_loops_ring
D:2:      wad_pebble_path, layout_basic, uniq_terence, uniq_natasha

Skill      XL: |  1  2  3 |
---------------+----------+-----
Ranged Weapons | 6 7 |  7.0
Fighting       | |  1.5
Dodging        | |  2.4
Stealth        | |  1.2

Action                     || total
---------------------------++-------
   Fire: Shortbow          ||    60
    Use: Scroll            ||     4
 Armour: Leather armour    ||    12
  Dodge: Dodged            ||    19

Table legend:
 A = Non-vault XP
 B = Vault XP
 C = Vault XP percentage of total XP
 D = Non-vault monster count
 E = Vault monster count
 F = Vault count percentage of total count
                 A         B        C        D         E       F
            +---------+---------+-------+---------+---------+-------
      Total |      63 |       0 |   0.0 |      23 |       0 |   0.0
            +---------+---------+-------+---------+---------+-------
        D:1 |      33 |       0 |   0.0 |      20 |       0 |   0.0
        D:2 |      30 |       0 |   0.0 |       3 |       0 |   0.0
            +---------+---------+-------+---------+---------+-------
